 Dungeon Crawl Stone Soup version 0.24.0-13-gcf9b319 (webtiles) character file.

Game seed: 3622983281916877563, levelgen mode: deterministic

8 BabyMorgoth the Sneak (level 2, 0/13 HPs)
             Began as a Spriggan Enchanter on Jan 22, 2020.
             Was an Initiate of Fedhas.
             Slain by a hound skeleton (4 damage)
             ... on level 7 of the Dungeon.
             The game lasted 00:10:50 (1156 turns).

BabyMorgoth the Sneak (Spriggan Enchanter)          Turns: 1156, Time: 00:10:51

Health: 0/13       AC:  3    Str:  4    XL:     2   Next: 0%
Magic:  6/6        EV: 18    Int: 16    God:    Fedhas [......]
Gold:   70         SH:  0    Dex: 16    Spells: 5/6 levels left

rFire    . . .     SeeInvis +   a - +1 dagger
rCold    . . .     Gourm    .   (shield restricted)
rNeg     . . .     Faith    .   b - +1 robe
rPois    .         Spirit   .   (helmet restricted)
rElec    .         Reflect  .   (no cloak)
rCorr    .         Harm     .   (gloves unavailable)
MR       .....                  (boots unavailable)
Stlth    +++.......             (no amulet)
HPRegen  0.04/turn              (no ring)
MPRegen  0.10/turn              (no ring)

@: very quick
A: very small, unfitting armour, see invisible, herbivore, speed 3, slow
metabolism 2
a: Renounce Religion


You were on level 7 of the Dungeon.
You worshipped Fedhas.
Fedhas was noncommittal.
You were not hungry.

You visited 2 branches of the dungeon, and saw 8 of its levels.

You collected 70 gold pieces.

Inventory:

Hand Weapons
 a - a +1 dagger (weapon)
Missiles
 c - 68 arrows
Armour
 b - a +1 robe (worn)
Jewellery
 h - an uncursed ring of flight {unknown}
 k - an uncursed ring of protection from fire {unknown}
Scrolls
 e - 3 scrolls of identify {unknown}
 g - a scroll of fog {unknown}
 i - a scroll of enchant armour
Potions
 f - a potion of heal wounds {unknown}
 j - a potion of agility {unknown}
Comestibles
 d - 4 rations


   Skills:
 - Level 1.1 Short Blades
 - Level 3.0 Dodging
 + Level 5.4 Stealth
 - Level 2.6 Spellcasting
 - Level 3.6 Hexes


You had 5 spell levels left.
You knew the following spells:

 Your Spells              Type           Power        Failure   Level  Hunger
a - Corona                Hex            ##.....      4%          1    #......

Your spell library contained the following spells:

 Spells                   Type           Power        Failure   Level  Hunger
 Confuse                  Hex            ##......     13%         3    ###....
 Tukima's Dance           Hex            ##......     13%         3    ###....
 Ensorcelled Hibernation  Hex/Ice        #.....       14%         2    ##.....
 Dazzling Spray           Conj/Hex       #.....       28%         3    ###....


Dungeon Overview and Level Annotations

Branches:
Dungeon (7/15)             Temple (1/1) D:4

Altars:
Ashenzari
Cheibriados
Dithmenos
Fedhas
Gozag
Hepliaklqana
Kikubaaqudgha
Nemelex Xobeh
Qazlal
Ru
Trog
Uskayaw
Vehumet
Wu Jian
Yredelemnul
Zin
The Shining One


Innate Abilities, Weirdness & Mutations

You are very small and have problems with some larger weapons.
You are too small for most types of armour.
You have supernaturally acute eyesight. (SInv)
You are a herbivore.
You cover ground extremely quickly.
You need to consume almost no food.


Message History

2 orcs and a zombie come into view.
The orc shouts!
The orc moves out of view.
Found a scroll labeled GOIRAT NEUM JEH.
Found a stone staircase leading up.
An orc wizard comes into view. It is wielding a +1 dagger of venom.
The orc shouts!
You hear a screech!
You hear a shout!
An orc comes into view. It is wielding a +0 hand axe.
A sky beast comes into view.
The orc shouts!
The orc wizard shouts!
You hear a bark!
Found a dented blue amulet.
The orc throws a boomerang.
The boomerang completely misses you.
The weapon returns to the orc!
The sky beast barely misses you.
A hound skeleton comes into view.
Found a metal-bound book.
The orc wizard casts a spell.
The orc wizard blinks!
The hound skeleton closely misses you. The hound skeleton bites you.
You die...
Fedhas appreciates your contribution to the ecosystem.

.......## .... ...
#......####...#
...#######............#
......................#
......#...............#
..:.......Yo.........##
##.........o.ยง<.?....#
#.....................
#....@Z........h.....o
#..#..................
#.....................
#..........o..........
#.................##...
#..###.......##.###....
##. #....."##.........
# ####..###.....##..
...####...


You could see a sky beast, an orc wizard, 2 orcs and a hound skeleton.

Vanquished Creatures
  A leopard gecko (D:4)
  A bat (D:2)
  A giant cockroach (D:2)
  A quokka (D:2)
  3 rats
7 creatures vanquished.

Notes
Turn   | Place    | Note
-------+----------+-------------------------------------------
     0 | D:1      | BabyMorgoth the Spriggan Enchanter began the quest for the
                  | Orb.
     0 | D:1      | Reached XP level 1. HP: 9/9 MP: 5/5
   177 | D:2      | Reached skill level 5 in Stealth
   283 | D:3      | Noticed an orc wizard
   304 | D:3      | Noticed an orc wizard
   340 | D:3      | Noticed an orc priest
   340 | D:3      | Noticed an orc wizard
   356 | D:4      | Found a staircase to the Ecumenical Temple.
   369 | Temple   | Entered the Ecumenical Temple
   603 | Temple   | Became a worshipper of Fedhas Madash
   624 | D:4      | Reached XP level 2. HP: 13/13 MP: 6/6
   755 | D:4      | Noticed a phantom
   769 | D:5      | Entered Level 5 of the Dungeon
   770 | D:5      | Found a shadowy altar of Dithmenos.
   837 | D:5      | Noticed an ogre
   943 | D:5      | Noticed an ice beast
   965 | D:5      | Noticed a scorpion
  1140 | D:7      | Noticed a black bear
  1143 | D:7      | Noticed a sky beast
  1156 | D:7      | Slain by a hound skeleton

Levels and vault maps discovered:
D:1:      dpeg_arrival_erosion, layout_loops_ring, minmay_pentomino_s4
D:2:      layout_basic, uniq_crazy_yiuf_cottage
D:3:      layout_rooms, lemuel_doored_altar, chequers_serial_rivers_small_3
D:4:      layout_loops_ring, gammafunk_temple_overflow_statue,
          minmay_temple_entry_offerings, patterned_corridor
D:5:      layout_cave_pools, nicolae_dithmenos_shadow_blocks,
          serial_co_window_serial, co_window_of_opportunity_a,
          co_window_of_opportunity_a, co_window_of_opportunity_a,
          co_window_of_opportunity_a, co_window_of_opportunity_a,
          co_window_cross_1, co_window_of_opportunity_a, co_window_2corner,
          co_window_of_opportunity_b, co_window_broadway_a, co_window_corner_b,
          co_window_of_opportunity_c, co_window_cross_3, co_window_cross_2,
          first_ration, nrook_mini_vaults
D:6:      layout_loops_corners, kennysheep_generic_room_13, uniq_menkaure
D:7:      layout_cave_pools, makhleb_heckhound_becter
Temple:   eino_temple_rhombus

Skill      XL: |  1 |
---------------+----+-----
Stealth        | 5 |  5.4
Short Blades   | |  1.1
Dodging        | |  3.0
Spellcasting   | |  2.6
Hexes          | |  3.6

Action                   || total
-------------------------++-------
Melee: Dagger            ||    24
  Use: Scroll            ||     1
 Stab: Sleeping          ||     6
Armor: Robe              ||     2
Dodge: Dodged            ||    22
